 Dungeon Crawl Stone Soup version 0.18.1-48-g4cf74bf (webtiles) character file.

387 MovingMist the Insei (level 6, -2/44 HPs)
             Began as an Octopode Monk on Aug 20, 2016.
             Was a Believer of Okawaru.
             Slain by an orc wizard
             ... wielding a +0 dagger
              (6 damage)
             ... on level 4 of the Dungeon.
             The game lasted 00:07:30 (2998 turns).

MovingMist the Insei (Octopode Monk)                Turns: 2998, Time: 00:07:31

Health: -2/44      AC:  1    Str: 12    XL:     6   Next: 78%
Magic:  6/6        EV: 14    Int: 12    God:    Okawaru [**....]
Gold:   151        SH:  0    Dex: 15    Spells: 0 memorised, 5 levels left

rFire  . . .     SeeInvis .       - Unarmed
rCold  . . .     Gourm    .     (no shield)
rNeg   . . .     Faith    .     (helmet restricted)
rPois  .         Spirit   .     c - amulet of regeneration
rElec  .         Dismiss  .     (no ring)
rCorr  .         Reflect  .     (no ring)
SustAt .         Harm     .     (no ring)
MR     .....                    (no ring)
Stlth  ++++......               (no ring)
                                (no ring)
                                (no ring)
                                (no ring)

@: not resistant to hostile enchantments, stealthy
A: almost no armour, amphibious, 8 rings, constrict 8, camouflage 1, gelatinous
body 1
a: Heroism, Renounce Religion


You were on level 4 of the Dungeon.
You worshipped Okawaru.
Okawaru was pleased with you.
You were hungry.

You visited 1 branch of the dungeon, and saw 4 of its levels.

You collected 151 gold pieces.

Inventory:

Jewellery
 c - an amulet of regeneration (around mantle)
 v - an uncursed amulet of the gourmand
Wands
 s - a wand of acid (8/15)
Scrolls
 f - a scroll of noise {unknown}
 g - a scroll of enchant armour {unknown}
 j - 3 scrolls of remove curse
 n - a scroll of amnesia
 p - a scroll of teleportation
 q - 2 scrolls of immolation
 t - a scroll of enchant weapon {unknown}
Potions
 i - 2 potions of might
 k - a potion of resistance
 m - 2 potions of brilliance {unknown}
 o - 3 potions of curing {unknown}
 w - 2 potions of flight {unknown}
 x - a potion of haste
Comestibles
 a - 3 bread rations
 b - 3 chunks of flesh
 d - 2 meat rations
 r - 8 fruits
 u - a beef jerky


   Skills:
 + Level 4.5 Fighting
 + Level 4.5 Dodging
 - Level 4.2 Stealth
 + Level 5.6 Unarmed Combat


You had 5 spell levels left.
You didn't know any spells.

Dungeon Overview and Level Annotations

Branches:
Dungeon (4/15)
 Temple: D:4-7

Altars:
Okawaru
The Shining One


Innate Abilities, Weirdness & Mutations

You cannot wear most types of armour.
You are amphibious.
You can wear up to eight rings at the same time.
You can use your tentacles to constrict eight enemies at once.
Your skin changes colour to match your surroundings (Stealth).
Your rubbery body absorbs attacks (AC +1).


Message History

Deactivating autopickup; reactivate with Ctrl-A.
You open the door.
You are feeling hungry.
You barely miss something. You tentacle-slap something.
Your squeeze misses something. Something hits you.
* * * LOW HITPOINT WARNING * * *
There is an open door here.
Drink which item? (? for menu, Esc to quit)
Okay, then.
You hear some strange, mumbled words.
A puff of flame appears from out of thin air!
The puff of flame hits you!
* * * LOW HITPOINT WARNING * * *
You open the door.
There is an open door here.
You completely miss something. You squeeze something. Something hits you.
* * * LOW HITPOINT WARNING * * *
You tentacle-slap something. You tentacle-slap something. Something hits you.
You die...

# #.....###.....###.......# #
##.#.####.......#####..###
#####....###.........####...##
..)[.......'.........'.......#
#####....###.........####...##
# ##.#.# #.......## ##..# #
###.# ##.....## ##.# #.#
##..{## #.# .# ##@## ### #.#
#........# #.# #..#####.# #.#
#..# #.# #.# ##...####.####.#
#..........)...#
##...#.##.###### #..##.##.#
... !.##.#


There were no monsters in sight!

Vanquished Creatures
  A phantom (D:4)
  An orc priest (D:4)
  A hound (D:4)
  A centaur skeleton (D:4)
  2 orc wizards (D:4)
  5 adders
  3 gnolls (D:2)
  A worm (D:2)
  2 giant geckos (D:2)
  6 orcs
  A giant cockroach (D:1)
  8 goblins
  8 hobgoblins
  A ball python (D:3)
  8 bats
  6 giant newts
  6 kobolds
  4 rats
65 creatures vanquished.

Vanquished Creatures (others)
  An orc wizard (D:4)
1 creature vanquished.

Grand Total: 66 creatures vanquished

Notes
Turn   | Place    | Note
--------------------------------------------------------------
     0 | D:1      | MovingMist the Octopode Monk began the quest for the Orb.
     0 | D:1      | Reached XP level 1. HP: 16/16 MP: 1/1
   160 | D:1      | Reached XP level 2. HP: 15/21 MP: 2/2
   628 | D:2      | Reached XP level 3. HP: 12/26 MP: 3/3
   902 | D:2      | Found a glowing golden altar of the Shining One.
  1036 | D:2      | Reached XP level 4. HP: 30/31 MP: 4/4
  1285 | D:2      | Found an iron altar of Okawaru.
  1317 | D:2      | Became a worshipper of Warmaster Okawaru
  1317 | D:2      | Reached * piety under Okawaru
  1317 | D:2      | Reached ** piety under Okawaru
  1882 | D:3      | Reached XP level 5. HP: 15/36 MP: 5/5
  2483 | D:4      | Noticed a phantom
  2510 | D:4      | Killed a phantom
  2510 | D:4      | Reached skill level 5 in Unarmed Combat
  2700 | D:4      | Reached XP level 6. HP: 34/43 MP: 6/6
  2998 | D:4      | Slain by an orc wizard

Skill      XL: |  1  2  3  4  5 |
---------------+----------------+-----
Stealth        | 3 4 |  4.2
Fighting       | 4 |  4.5
Dodging        | 4 |  4.5
Unarmed Combat | 5 |  5.6

Action                   |  1- 3 |  4- 6 || total
-------------------------+-------+-------++-------
Melee: Unarmed           |    49 |   115 ||   164
       Constrict         |    11 |    21 ||    32
       Tentacles         |     9 |    21 ||    30
       Punch             |     4 |     5 ||     9
  Use: Scroll            |       |    11 ||    11
 Stab: Sleeping          |    13 |     9 ||    22
  Eat: Chunk             |       |     6 ||     6
Armor: Skin              |     3 |     7 ||    10
Dodge: Dodged            |    21 |    60 ||    81
